 Dungeon Crawl Stone Soup version 0.19-a0-994-g3c636f0 (webtiles) character file.

116673 ourship the Executioner (level 16, -32/136 HPs)
             Began as a Minotaur Berserker on July 16, 2016.
             Was a High Priest of Trog.
             Killed from afar by a blizzard demon (35 damage)
             ... with a bolt of cold
             ... on level 3 of the Abyss.
             The game lasted 03:02:59 (33776 turns).

ourship the Executioner (Minotaur Berserker)       Turns: 33776, Time: 03:03:01

Health: -32/136    AC: 28    Str: 29    XL:     16   Next: 21%
Magic:  5/5        EV:  9    Int:  3    God:    Trog [*****.]
Gold:   860        SH:  0    Dex: 12    Spells: 0 memorised, 15 levels left

rFire  + . .     SeeInvis .     T - +7 battleaxe (antimagic)
rCold  . . .     Gourm    .     F - +2 plate armour {rN+}
rNeg   + + +     Faith    .     (shield currently unavailable)
rPois  .         Spirit   .     (helmet restricted)
rElec  .         Dismiss  .     O - +2 cloak {+Inv}
rCorr  .         Reflect  .     S - +0 pair of gloves {Str+3}
SustAt .         Harm     .     (no boots)
MR     +....                    (no amulet)
Stlth  ..........               l - ring of positive energy
                                n - ring of positive energy

@: confused, exhausted, slowed, very slow, somewhat resistant to hostile
enchantments, extremely unstealthy
A: retaliatory headbutt, horns 2, thin metallic scales 1, blink, dopey 1, fire
resistance 1, evolution 1
a: Blink, Berserk, Trog's Hand, Brothers in Arms, Burn Spellbooks, Renounce
Religion, Evoke Invisibility


You were on level 3 of the Abyss.
You worshipped Trog.
Trog was extremely pleased with you.
You were hungry.

You visited 5 branches of the dungeon, and saw 25 of its levels.
You visited the Abyss 1 time.

You collected 2400 gold pieces.
You spent 1540 gold pieces at shops.

Inventory:

Hand Weapons
 T - a +7 antimagic battleaxe (weapon)
 Y - a +3 executioner's axe of electrocution
Missiles
 v - 5 javelins of returning (quivered)
 E - 2 curare-tipped needles
Armour
 z - a +5 chain mail
 F - a +2 plate armour of positive energy (worn)
 O - a +2 cloak of invisibility (worn)
 S - a +0 pair of gloves of strength (worn)
Jewellery
 b - an uncursed ring of protection from magic
 e - an uncursed ring of see invisible
 l - a ring of positive energy (right hand)
 n - a ring of positive energy (left hand)
 G - an uncursed ring of protection from fire
 U - an uncursed amulet of rage
Wands
 r - a wand of iceblast (6/15)
 u - a wand of flame (31/48)
Scrolls
 d - a scroll of silence
 h - 13 scrolls of remove curse
 p - 6 scrolls of identify
 w - 2 scrolls of fear
 x - 3 scrolls of magic mapping
 y - a scroll of fog
 A - 5 scrolls of teleportation
 C - a scroll of holy word
 D - 2 scrolls of random uselessness
 H - a scroll of noise
 R - a scroll of blinking
 V - 2 scrolls of immolation
 W - 6 scrolls of recharging
Potions
 a - 4 potions of agility
 f - 2 potions of might
 g - 2 potions of flight
 i - 5 potions of magic
 j - 7 potions of curing
 o - a potion of haste {unknown}
 q - 2 potions of ambrosia
 B - a potion of resistance {unknown}
 J - a potion of brilliance {unknown}
Miscellaneous
 m - a box of beasts
 P - a phial of floods
Comestibles
 c - 13 bread rations
 k - 9 meat rations
 s - 19 royal jellies
 K - 4 fruits
 L - a slice of pizza
 M - 21 beef jerkies


   Skills:
 - Level 10.8 Fighting
 - Level 24.1 Axes
 * Level 18.9 Armour
 - Level 2.1 Dodging


You had 15 spell levels left.
You didn't know any spells.

Dungeon Overview and Level Annotations

Branches:
Dungeon (15/15)            Temple (0/1) D:4            Lair (6/6) D:8
 Shoals (1/4) Lair:2       Spider (1/4) Lair:2        Slime (0/5) Lair:5
    Orc (2/2) D:11            Elf (0/3) Orc:2        Vaults (0/5) D:14
 Depths (0/5) D:15

Altars:
Ashenzari
Cheibriados
Dithmenos
Nemelex Xobeh
Pakellas
Ru
Trog
Uskayaw
Xom
Yredelemnul
Beogh
Jiyva

Shops:
Orc:1 :   Orc:2 [!%[

Annotations:
Lair:2 exclusion: oklob plant
Lair:5 1 runed door


Innate Abilities, Weirdness & Mutations

You reflexively headbutt those who attack you in melee.
You have a pair of horns on your head.
You are partially covered in thin metallic scales. (AC +2)
You can translocate small distances at will.
You are dopey. (Int -2)
Your flesh is heat resistant. (rF+)
You evolve.


Message History

The bone dragon bites you.
* * * LOW HITPOINT WARNING * * *
The bone dragon claws you but does no damage.
The bone dragon barely misses you.
You slash the bone dragon!
You headbutt the bone dragon, but do no damage.
The bone dragon is severely damaged.
The bone dragon bites you but does no damage.
The bone dragon claws you but does no damage.
The bone dragon tramples you.
* * * LOW HITPOINT WARNING * * *
You are shoved backwards!
The golden eye turns its gaze towards you.
The golden eye blinks at you.
You are more confused.
The golden eye blinks!
A blizzard demon comes into view.
The blizzard demon gestures at you. The bolt of cold hits you!
You die...

. # . # .
....... . . .
.##. .. # ..
§. #....#. .#
## .. #..#.##.
#. .# #...
.#.. .#.#
#.#....§##...#
#...#.##@#
..#....#.D# .3
#.....## #.
#$.##...# #
#..#..#### ..
#.2 ... #
....# . . .#..
. .. .. ..# #
#.


You could see a bone dragon and a blizzard demon.

Vanquished Creatures
  A juggernaut skeleton (D:15)
  2 entropy weavers (Lair:6)
  An ettin (Orc:1)
  A fire dragon (Lair:6)
  5 hydras
  3 centaur warriors
  2 dancing weapons (D:14)
  7 death yaks
  A vampire mage (D:15)
  A tengu warrior (D:15)
  Sonja (Orc:2)
  2 skeletal warriors (D:15)
  A sea snake (Shoals:1)
  3 unseen horrors
  3 large abominations
  4 hill giants
  A necromancer (D:15)
  5 harpies (Shoals:1)
  2 deep elf magi
  A salamander (shapeshifter) (D:14)
  3 griffons
  4 manticores
  A stone giant zombie (D:15)
  A wolf spider zombie (D:15)
  A wolf spider (Lair:2)
  20 ugly things
  A fire giant zombie (D:15)
  An orc knight (Orc:2)
  9 orc sorcerers
  3 cyclopes
  3 fauns (Shoals:1)
  3 sirens (Shoals:1)
  11 elephants
  Maurice (D:10)
  A torpor snail (Lair:3)
  2 black mambas
  8 spiny frogs
  3 centaur zombies (D:14)
  3 smoke demons (Abyss:3)
  6 centaur skeletons
  2 kobold demonologists
  4 rime drakes
  An efreet (D:14)
  An ancient zyme (Abyss:3)
  A freezing wraith (D:13)
  16 komodo dragons
  A queen bee (Lair:2)
  3 merfolk
  13 trolls
  10 polar bears
  4 two-headed ogres
  5 slime creatures
  An ice dragon zombie (D:15)
  3 blink frogs (Lair:1)
  2 raiju (Lair:6)
  A snapping turtle (Shoals:1)
  A shadow (D:14)
  2 tarantellas (Spider:1)
  2 wraiths
  3 redbacks
  A centaur simulacrum (D:14)
  2 vampires
  2 water elementals
  8 wyverns
  7 hippogriffs
  50 yaks
  3 golden eyes (Abyss:3)
  7 basilisks
  A hog (D:11)
  3 mottled dragons
  11 wargs
  The ghost of Trees the Cudgeler, an amateur GrGl of Okawaru (D:4)
  9 soldier ants
  8 water moccasins
  6 porcupines
  4 hell hounds (Lair:6)
  17 orc warriors
  2 ice beasts
  2 necrophages
  An eye of draining (D:14)
  3 swamp drakes (Lair:6)
  21 black bears
  2 wasps
  10 ogres
  7 sky beasts
  5 phantoms
  25 wolves
  17 centaurs
  27 crocodiles
  3 big kobolds
  28 giant frogs
  3 gnoll sergeants
  A wyvern skeleton (D:12)
  10 scorpions
  11 wights
  The ghost of Snicker the Ducker, a weakling MiGl of Qazlal (D:3)
  18 killer bees
  6 electric eels
  4 howler monkeys (D:7)
  8 crimson imps
  A giant frog zombie (D:5)
  2 jellies
  21 hounds
  3 quasits
  7 orc priests
  36 orc wizards
  3 giant frog skeletons
  A gnoll shaman (D:11)
  An iron imp (Abyss:2)
  Jessica (D:2)
  15 iguanas
  23 worker ants
  39 sheep
  3 hound skeletons
  2 worker ant zombies
  Robin (D:2)
  14 gnolls
  67 river rats
  11 adders
  3 shadow imps
  An ooze (D:1)
  2 adder skeletons
  4 worms
  2 dart slugs
  2 giant geckos
  67 orcs
  A ball python (D:5)
  9 bats
  7 giant cockroaches
  16 goblins
  15 hobgoblins
  18 jackals
  9 quokkas
  9 giant newts
  A jackal skeleton (D:8)
  15 kobolds
  8 rats
  A butterfly (Lair:2)
  5 fungi
  8 plants
1017 creatures vanquished.

Vanquished Creatures (collateral kills)
  Rupert (Lair:4)
  A stone giant (Orc:1)
  An ogre mage (D:15)
  A merfolk avatar (Shoals:1)
  A queen ant (Lair:6)
  An orc knight (Orc:1)
  2 hill giants (D:15)
  An unseen horror (D:15)
  An ugly thing (D:13)
  2 elephants (Lair:3)
  A merfolk (Shoals:1)
  3 trolls
  A polar bear (Lair:6)
  A slime creature (D:12)
  2 yaks (D:8)
  5 wargs
  Menkaure (D:8)
  4 soldier ants (Lair:6)
  2 hell hounds (Lair:6)
  3 water moccasins
  Duvessa (D:6)
  5 orc warriors
  A black bear (D:7)
  An ice beast (D:8)
  An eye of draining (D:12)
  3 ogres
  A wolf (Lair:6)
  Dowan (D:6)
  2 scorpions
  15 killer bees (Lair:2)
  A howler monkey (D:12)
  An electric eel (D:11)
  A crimson imp (D:11)
  A jelly (D:11)
  A gnoll shaman (D:7)
  6 orc priests
  2 orc wizards
  7 worker ants (Lair:6)
  3 gnolls (D:7)
  5 river rats
  14 orcs
108 creatures vanquished.

Vanquished Creatures (others)
  2 orc wizards (Orc:2)
  A river rat (Lair:6)
  2 orcs (Orc:2)
  A bush (D:8)
  5 fungi
  44 plants
  6 withered plants (D:15)
61 creatures vanquished.

Grand Total: 1186 creatures vanquished

Notes
Turn   | Place    | Note
-------+----------+-------------------------------------------
     0 | D:1      | ourship the Minotaur Berserker began the quest for the Orb.
     0 | D:1      | Reached XP level 1. HP: 19/19 MP: 0/0
    52 | D:1      | Reached skill level 4 in Axes
   140 | D:1      | Reached XP level 2. HP: 10/26 MP: 1/1
   712 | D:1      | Reached skill level 5 in Axes
   712 | D:1      | Reached XP level 3. HP: 30/31 MP: 2/2
   734 | D:1      | Reached ** piety under Trog
  1322 | D:2      | Noticed Robin
  1332 | D:2      | Killed Robin
  1332 | D:2      | Reached skill level 6 in Axes
  1332 | D:2      | Reached XP level 4. HP: 39/39 MP: 3/3
  1780 | D:2      | Noticed Jessica
  1783 | D:2      | Killed Jessica
  1837 | D:2      | Identified Jessica's Grimoire of Black Rites
  1841 | D:2      | Reached *** piety under Trog
  1887 | D:3      | Noticed Snicker's ghost (weakling MiGl)
  1895 | D:3      | Killed Snicker's ghost
  1895 | D:3      | Reached skill level 7 in Axes
  1895 | D:3      | Reached XP level 5. HP: 45/45 MP: 4/4
  2678 | D:3      | Reached skill level 8 in Axes
  2981 | D:4      | Noticed an ogre
  2985 | D:4      | Killed an ogre
  2985 | D:4      | Reached XP level 6. HP: 51/51 MP: 5/5
  2994 | D:4      | Found a staircase to the Ecumenical Temple.
  3008 | D:4      | Reached **** piety under Trog
  3234 | D:4      | Noticed Trees's ghost (amateur GrGl)
  3242 | D:4      | Killed Trees's ghost
  3242 | D:4      | Reached skill level 9 in Axes
  3409 | D:4      | Reached XP level 7. HP: 46/57 MP: 6/6
  3724 | D:5      | Entered Level 5 of the Dungeon
  3776 | D:5      | Found a sparkling altar of Nemelex Xobeh.
  3881 | D:5      | Reached skill level 10 in Axes
  4317 | D:5      | Reached skill level 11 in Axes
  4581 | D:5      | You fall through a shaft for 2 floors!
  4635 | D:7      | Got a warped scale mail
  4653 | D:7      | Reached XP level 8. HP: 51/64 MP: 7/7
  4904 | D:7      | Reached skill level 12 in Axes
  5179 | D:7      | Found a hide-covered altar of Uskayaw.
  5267 | D:7      | Reached skill level 13 in Axes
  6416 | D:6      | Reached ***** piety under Trog
  6572 | D:6      | Reached XP level 9. HP: 69/70 MP: 8/8
  6579 | D:6      | Noticed Dowan
  6581 | D:6      | Noticed Duvessa
  6600 | D:6      | Killed Duvessa
  6600 | D:6      | Reached skill level 14 in Axes
  6601 | D:6      | Killed Dowan
  7306 | D:7      | Reached skill level 15 in Axes
  7461 | D:8      | Found a bloodstained altar of Trog.
  7720 | D:8      | Received a gift from Trog
  7759 | D:8      | Reached skill level 16 in Axes
  8027 | D:8      | Reached XP level 10. HP: 77/77 MP: 9/9
  8046 | D:8      | Reached skill level 17 in Axes
  8083 | D:7      | HP: 3/77 [water moccasin (5)]
  8498 | D:8      | Found a staircase to the Lair.
  8507 | D:8      | Noticed Menkaure
  8523 | D:8      | Killed Menkaure
  8722 | D:8      | Found a shimmering altar of Xom.
  8723 | D:8      | Found a shimmering altar of Xom.
  8724 | D:8      | Found a shimmering altar of Xom.
  8724 | D:8      | Found a shimmering altar of Xom.
  8724 | D:8      | Found a shimmering altar of Xom.
  8725 | D:8      | Found a shimmering altar of Xom.
  8725 | D:8      | Found a shimmering altar of Xom.
  8726 | D:8      | Found a shimmering altar of Xom.
  9031 | D:9      | Reached skill level 18 in Axes
  9228 | D:9      | Gained mutation: You have large cloven feet. [mutagenic meat]
  9231 | D:9      | Gained mutation: You evolve. [mutagenic meat]
  9483 | D:9      | Found a sacrificial altar of Ru.
  9525 | D:9      | Found a shadowy altar of Dithmenos.
  9584 | D:9      | Gained mutation: You are partially covered in thin metallic scales. (AC +2) [evolution]
  9709 | D:9      | Reached XP level 11. HP: 67/82 MP: 10/10
 10093 | D:10     | Entered Level 10 of the Dungeon
 10468 | D:10     | Reached skill level 19 in Axes
 10559 | D:10     | Noticed Maurice
 10569 | D:10     | Killed Maurice
 11448 | D:11     | Found a shimmering altar of Xom.
 11624 | D:11     | Reached skill level 20 in Axes
 11806 | D:11     | Gained mutation: You are clumsy. (Dex -2) [evolution]
 12050 | D:11     | Reached skill level 5 in Armour
 12211 | D:11     | Noticed a soul eater
 12219 | D:11     | Received a gift from Trog
 12409 | D:11     | Found a staircase to the Orcish Mines.
 12457 | D:11     | Noticed an unseen horror
 12464 | D:11     | Killed an unseen horror
 13208 | Lair:1   | Entered Level 1 of the Lair of Beasts
 13220 | D:8      | Reached XP level 12. HP: 85/90 MP: 11/11
 13892 | Lair:1   | Noticed a seven-headed hydra
 13901 | Lair:1   | Killed a nine-headed hydra
 13901 | Lair:1   | Reached skill level 10 in Armour
 14799 | Lair:2   | Found a hole to the Spider Nest.
 14823 | Lair:2   | Found a basalt altar of Yredelemnul.
 14849 | Lair:2   | Found a snail-covered altar of Cheibriados.
 15025 | Lair:2   | Reached skill level 5 in Fighting
 15395 | Lair:2   | Gained mutation: You can translocate small distances at will. [evolution]
 15540 | Lair:2   | Found a staircase to the Shoals.
 16367 | Lair:3   | Noticed a death yak
 16368 | Lair:3   | Noticed a death yak
 16368 | Lair:3   | Noticed a death yak
 16368 | Lair:3   | Noticed a death yak
 16370 | Lair:3   | Noticed a death yak
 16382 | Lair:2   | Killed a death yak
 16531 | Lair:3   | Noticed a death yak
 16534 | Lair:3   | Killed a death yak
 16534 | Lair:3   | Killed a death yak
 16538 | Lair:3   | Killed a death yak
 16538 | Lair:3   | Received a gift from Trog
 16538 | Lair:3   | Reached XP level 13. HP: 98/108 MP: 12/12
 16860 | Lair:3   | Gained mutation: Your flesh is heat resistant. (rF+) [evolution]
 17088 | Lair:3   | Reached skill level 21 in Axes
 17136 | Lair:3   | Reached skill level 10 in Fighting
 18202 | Lair:4   | Gained mutation: You have hoof-like feet. [potion of beneficial mutation]
 18553 | Lair:4   | Noticed Rupert
 18564 | Lair:4   | Killed Rupert
 19516 | Lair:5   | Reached skill level 22 in Axes
 19529 | Lair:5   | Lost mutation: You are clumsy. (Dex -2) [evolution]
 19554 | Lair:5   | Found a runed door.
 19555 | Lair:5   | Found a viscous altar of Jiyva.
 19556 | Lair:5   | Found a staircase to the Slime Pits.
 19757 | Lair:5   | Received a gift from Trog
 20018 | Lair:6   | Entered Level 6 of the Lair of Beasts
 20207 | Lair:6   | Found an oddly glowing altar of Pakellas.
 20605 | Lair:6   | Noticed a fire dragon
 20618 | Lair:6   | Killed a fire dragon
 20986 | Lair:6   | Reached XP level 14. HP: 121/121 MP: 13/13
 21001 | Lair:6   | Noticed an entropy weaver
 21022 | Lair:6   | Noticed an entropy weaver
 21031 | Lair:6   | Killed an entropy weaver
 21041 | Lair:6   | Killed an entropy weaver
 21041 | Lair:6   | Reached skill level 23 in Axes
 21810 | Lair:6   | Received a gift from Trog
 22176 | Lair:6   | Lost mutation: You have hoof-like feet. [evolution]
 22238 | Lair:6   | Received a gift from Trog
 23180 | Orc:1    | Entered Level 1 of the Orcish Mines
 23462 | Orc:2    | Entered Level 2 of the Orcish Mines
 23462 | Orc:2    | Noticed Sonja
 23584 | Orc:2    | Reached skill level 24 in Axes
 23595 | Orc:2    | Killed Sonja
 23875 | Orc:2    | Found a staircase to the Elven Halls.
 23968 | Orc:2    | Received a gift from Trog
 24133 | Orc:1    | Found Wuuczyto's Book Shoppe.
 24140 | Orc:1    | Noticed a stone giant
 24295 | Orc:1    | Killed a stone giant
 24492 | Orc:1    | Bought a book of Maledictions for 400 gold pieces
 24492 | Orc:1    | Bought a book of Flames for 560 gold pieces
 24492 | Orc:1    | Bought a book of Minor Magic for 320 gold pieces
 24704 | Orc:2    | Found a roughly hewn altar of Beogh.
 24812 | Orc:2    | Found Numaki's Distillery.
 24812 | Orc:2    | Found Ocivet's Armour Shop.
 24933 | Orc:2    | Bought a potion of heal wounds for 65 gold pieces
 24933 | Orc:2    | Bought 2 potions of curing for 78 gold pieces
 24933 | Orc:2    | Bought a potion of might for 52 gold pieces
 24933 | Orc:2    | Bought a potion of heal wounds for 65 gold pieces
 25049 | Orc:2    | Found Viap's Food Shop.
 25091 | Orc:2    | Found Quidal's Antique Armour Shoppe.
 25102 | Orc:2    | Gained mutation: You are dopey. (Int -2) [a neqoxec]
 25109 | Orc:2    | Received a gift from Trog
 25358 | Orc:2    | Found a roughly hewn altar of Beogh.
 25871 | Shoals:1 | Entered Level 1 of the Shoals
 26969 | D:12     | Lost mutation: You have large cloven feet. [evolution]
 27257 | D:12     | Reached XP level 15. HP: 128/128 MP: 4/14
 28749 | D:13     | Reached skill level 15 in Armour
 30185 | D:14     | Found a gate to the Vaults.
 30241 | D:15     | Entered Level 15 of the Dungeon
 30750 | D:15     | Found a shattered altar of Ashenzari.
 31178 | D:15     | Found a staircase to the Depths.
 32302 | Spider:1 | Entered Level 1 of the Spider Nest
 32311 | Spider:1 | Reached XP level 16. HP: 116/136 MP: 5/15
 32596 | Lair:2   | Received a gift from Trog
 33573 | Shoals:1 | Cast into level 2 of the Abyss (merfolk)
 33573 | Abyss:2  | Found a corrupted altar of Lugonu.
 33755 | Abyss:3  | Noticed a bone dragon
 33774 | Abyss:3  | HP: 6/136 [bone dragon (5)]
 33776 | Abyss:3  | Killed from afar by a blizzard demon

Vault maps used:
D:1:      scummos_arrival_gate
D:2:      kennysheep_jessica_study, uniq_robin
D:3:      kennysheep_another_room, corexii_item_surrounded_by_moat, uniq_jessica
D:5:      nemelex_xobeh_ov_fountains_minmay, first_bread
D:6:      uniq_pikel, uniq_duvessa, uniq_menkaure
D:7:      kennysheep_little_box
D:8:      nicolae_overflow_hidden_temple, xom_shifter_show,
          minmay_lair_entry_grove
D:9:      grunt_dithmenos_smoke_and_mirrors, nicolae_ru_great_annihilating_truth
D:10:     hangedman_pestilent_swarm, uniq_maurice
D:11:     kennysheep_town
D:13:     serial_bayou_pond_b
D:14:     minmay_box_of_statues, erik_vaults_1
D:15:     gammafunk_depths_entry_grave, ashenzari_altar_1, grunt_decor_clamped,
          minmay_joined_circles
Lair:1:   st_stairs_7, beast_lair_carwin_1
Lair:2:   minmay_shoals_entry_centaurs, nicolae_spider_entry_non_spiders,
          special_room, basic_altar, lemuel_oklob_altar, lemuel_fruit_fields
Lair:4:   infiniplex_staircase_pool_2, uniq_rupert
Lair:5:   slime_altar_2
Lair:6:   hangedman_lair_caniforms_friends, guppyfry_lair_end_dragon,
          basic_altar, minmay_another_anthill, serial_bayou_shore_a,
          infiniplex_staircase_pool
Shoals:1: portal_ice_cave_entry_pillars_three
Orc:1:    serial_shops, shop
Orc:2:    st_orc_town, basic_altar, uniq_sonja
Abyss:2:  hangedman_summoners_spam
Abyss:3:  dshaligram_kb_abyss_rune_zappy_water_cross,
          guppyfry_abyss_exit_imp_island

Skill      XL: |  1  2  3  4  5  6  7  8  9 10 11 12 13 14 15 |
---------------+----------------------------------------------+-----
Axes           | 4 5 6 7 8 9 11 13 16 18 20 22 24 | 24.1
Armour         | 7 11 13 18 | 18.9
Fighting       | 8 10 | 10.8
Dodging        | |  2.1

Action                   |  1- 3 |  4- 6 |  7- 9 | 10-12 | 13-15 | 16-18 || total
-------------------------+-------+-------+-------+-------+-------+-------++-------
Melee: Hand axe          |    79 |    75 |       |       |       |       ||   154
       Headbutt          |    14 |    12 |    53 |    88 |   259 |    32 ||   458
       War axe           |       |    39 |   285 |       |       |       ||   324
       Battleaxe         |       |       |    14 |   300 |   710 |   111 ||  1135
       Glaive            |       |       |     6 |       |       |       ||     6
       Kick              |       |       |       |   138 |   249 |       ||   387
       Executioner's axe |       |       |       |   286 |   540 |       ||   826
Throw: Stone             |     2 |       |     1 |       |       |       ||     3
       Throwing net      |       |       |       |     1 |       |       ||     1
       Javelin           |       |       |       |       |     7 |     5 ||    12
Invok: Berserk           |     3 |     3 |     6 |    11 |    11 |       ||    34
       Burn Spellbooks   |       |     1 |       |     2 |     4 |       ||     7
       Trog's Hand       |       |     1 |       |     1 |     8 |     1 ||    11
       Brothers in Arms  |       |       |     2 |    11 |    27 |     1 ||    41
 Abil: Blink             |       |       |       |       |     2 |     1 ||     3
  Use: Scroll            |     8 |     9 |    12 |    11 |    15 |     3 ||    58
       Potion            |       |       |       |     8 |    13 |    10 ||    31
 Stab: Sleeping          |     1 |       |       |       |       |       ||     1
       Distracted        |       |       |       |     1 |       |       ||     1
       Paralysed         |       |       |       |     1 |       |       ||     1
       Confused          |       |       |       |       |     1 |       ||     1
  Eat: Chunk             |     3 |     5 |     8 |    30 |    53 |     4 ||   103
       Meat ration       |       |     1 |       |       |       |       ||     1
       Bread ration      |       |     1 |     2 |       |       |       ||     3
       Pizza             |       |       |     1 |     2 |       |     1 ||     4
       Beef jerky        |       |       |     1 |     1 |     5 |       ||     7
       Fruit             |       |       |       |     2 |     9 |       ||    11
       Royal jelly       |       |       |       |     3 |     4 |       ||     7
Armor: Animal skin       |    14 |       |       |       |       |       ||    14
       Ring mail         |     5 |    14 |       |       |       |       ||    19
       Scale mail        |       |    19 |    36 |       |       |       ||    55
       Chain mail        |       |       |    65 |   297 |   617 |       ||   979
       Plate armour      |       |       |       |       |   122 |   152 ||   274
Dodge: Dodged            |    47 |    64 |   104 |   266 |   470 |    76 ||  1027
Block: Buckler           |       |       |    25 |       |       |       ||    25
